 Dungeon Crawl Stone Soup version 0.25-a0-589-g1e14c549ee (webtiles) character file.

Game seed: 7947729201613104431, levelgen mode: deterministic

82 dorian the Firebug (level 4, 0/33 HPs)
             Began as a Draconian Fire Elementalist on Mar 9, 2020.
             Killed by divine providence
             ... invoked by an orc priest
              (12 damage)
             ... on level 3 of the Dungeon.
             The game lasted 00:03:57 (1674 turns).

dorian the Firebug (Draconian Fire Elementalist)    Turns: 1674, Time: 00:03:57

Health: 0/33       AC:  5    Str: 10    XL:     4   Next: 21%
Magic:  0/7        EV: 12    Int: 16    God:
Gold:   127        SH:  0    Dex: 12    Spells: 6/7 levels left

rFire    . . .     SeeInvis .   h - +2 dagger (venom)
rCold    . . .     Gourm    .   (no shield)
rNeg     . . .     Faith    .   (armour unavailable)
rPois    .         Spirit   .   (helmet restricted)
rElec    .         Reflect  .   (no cloak)
rCorr    .         Harm     .   (no gloves)
MR       .....                  (no boots)
Stlth    ++........             (no amulet)
HPRegen  0.11/turn              (no ring)
MPRegen  0.10/turn              (no ring)

@: very slightly contaminated
A: unfitting armour, cold-blooded, AC +5
a: no special abilities


You were on level 3 of the Dungeon.
You were not hungry.

You visited 1 branch of the dungeon, and saw 3 of its levels.

You collected 127 gold pieces.

Inventory:

Hand Weapons
 h - a +2 dagger of venom (weapon)
Jewellery
 l - an uncursed ring of protection from cold {unknown}
Scrolls
 a - a scroll of remove curse {unknown}
 e - 3 scrolls of fear {unknown}
 i - 3 scrolls of identify {unknown}
 j - a scroll of teleportation {unknown}
 k - a scroll of noise {unknown}
Potions
 c - a potion of flight {unknown}
 d - 2 potions of curing {unknown}
 f - 3 potions of heal wounds {unknown}
 g - a potion of brilliance {unknown}
Comestibles
 b - 5 rations
 m - 2 chunks of flesh


   Skills:
 - Level 1.7 Dodging
 - Level 1.7 Stealth
 - Level 2.0 Spellcasting
 + Level 2.9 Conjurations
 + Level 4.1 Fire Magic


You had 6 spell levels left.
You knew the following spells:

 Your Spells              Type           Power        Failure   Level  Hunger
a - Foxfire               Conj/Fire      ##..         4%          1    #......

Your spell library contained the following spells:

 Spells                   Type           Power        Failure   Level  Hunger
 Magic Dart               Conj           ##..         6%          1    #......
 Conjure Flame            Conj/Fire      ##......     14%         3    ###....
 Inner Flame              Hex/Fire       #.......     26%         3    ###....
 Blink                    Tloc           N/A          30%         2    ###....
 Call Imp                 Summ           #.......     30%         2    ###....
 Slow                     Hex            #.......     30%         2    ###....
 Mephitic Cloud           Conj/Pois/Air  #.......     38%         3    ###....
 Sticky Flame             Conj/Fire      ##......     43%         4    #####..
 Fireball                 Conj/Fire      ##........   80%         5    ######.


Dungeon Overview and Level Annotations

Branches:
Dungeon (3/15)

Altars:
Xom
Zin


Innate Abilities, Weirdness & Mutations

Your plain brown scales are hard. (AC +5)
You cannot fit into any form of body armour.
You are cold-blooded and may be slowed by cold attacks.


Message History

The orc priest is almost dead.
There is a stone staircase leading up here.
Casting: Foxfire (safe; 4% risk of failure)
Confirm with . or Enter, or press ? or * to list all spells.
You conjure some foxfire!
The orc misses you.
Unknown command.
You hit the orc.
The orc is poisoned.
The orc is heavily wounded.
The orc hits you with a +0 short sword.
You closely miss the orc.
The orc is heavily wounded.
You kill the orc!
You closely miss the adder.
Your tail-slap misses the adder.
The adder bites you. x2
Your foxfire dissipates!
The foxfire hits the adder.
The adder is heavily wounded.
The orc priest calls down the wrath of Beogh upon you.
Beogh smites you!
You die...

.# #.# #.# #.#
#########.# #
...##.....###.#
#.............##.
#
#.......@§.......
...
###.###.###S######
....#...###.###<#
..........oo§§.o#
.....)...S..#####
.#.##.####### #


You could see an orc priest and an adder.

Vanquished Creatures
  A jelly (D:2)
  An adder (D:2)
  A worm (D:2)
  A dart slug (D:2)
  2 leopard geckos
  3 orcs (D:3)
  A ball python (D:1)
  A giant cockroach (D:1)
  4 hobgoblins
  An iguana (D:2)
  3 jackals (D:2)
  3 bats
  A frilled lizard (D:1)
  2 goblins (D:2)
  7 kobolds
  2 rats (D:1)
34 creatures vanquished.

Vanquished Creatures (others)
  An adder (D:3)
  29 foxfires
30 creatures vanquished.

Grand Total: 64 creatures vanquished

Notes
Turn   | Place    | Note
-------+----------+-------------------------------------------
     0 | D:1      | dorian the Draconian Fire Elementalist began the quest for
                  | the Orb.
     0 | D:1      | Reached XP level 1. HP: 14/14 MP: 3/3
   419 | D:1      | Reached XP level 2. HP: 18/20 MP: 5/5
  1000 | D:2      | Found a shimmering altar of Xom.
  1110 | D:2      | Reached XP level 3. HP: 26/26 MP: 3/6
  1170 | D:2      | Found a glowing silver altar of Zin.
  1386 | D:2      | Reached skill level 4 in Fire Magic
  1449 | D:2      | Reached XP level 4. HP: 33/33 MP: 7/7
  1674 | D:3      | Killed from afar by an orc priest

Levels and vault maps discovered:
D:1:      dpeg_arrival_solitude, layout_basic
D:2:      layout_rooms, lemuel_doored_altar, grunt_ministairs_10,
          minmay_misc_feat_four_crosses, dk_xom_monty_hall
D:3:      cheibrodos_greedy_goblins, layout_loops_ring, fiery_altar_vehumet,
          first_ration, cheibrodos_sewer_entry_drain, minivault_4

Skill      XL: |  1  2  3 |
---------------+----------+-----
Conjurations   | 2 |  2.9
Fire Magic     | 4 |  4.1
Dodging        | |  1.7
Stealth        | |  1.7
Spellcasting   | |  2.0

Action                   |  1- 3 |  4- 6 || total
-------------------------+-------+-------++-------
Melee: Unarmed           |    30 |       ||    30
       Tailslap          |     7 |     1 ||     8
       Dagger            |    52 |    24 ||    76
 Cast: Foxfire           |    15 |     8 ||    23
  Eat: Chunk             |     2 |     1 ||     3
Armor: Skin              |    18 |     4 ||    22
Dodge: Dodged            |    48 |    25 ||    73

Table legend:
 A = Non-vault XP
 B = Vault XP
 C = Vault XP percentage of total XP
 D = Non-vault monster count
 E = Vault monster count
 F = Vault count percentage of total count
                 A         B        C        D         E       F
            +---------+---------+-------+---------+---------+-------
      Total |      66 |      52 |  44.1 |      28 |       6 |  17.6
            +---------+---------+-------+---------+---------+-------
        D:1 |      20 |       0 |   0.0 |      13 |       0 |   0.0
        D:2 |      37 |      52 |  58.4 |      12 |       6 |  33.3
        D:3 |       9 |       0 |   0.0 |       3 |       0 |   0.0
            +---------+---------+-------+---------+---------+-------
